woodfighter, neutral female human Wizard ------- ------------- ---------------- |.....| |............##################...............| |..<..| |...........| |..............| |.....| |............### #-..............+ |.....| #............| #---------------- --+--|- ###--.---------- #### #### # # # # ### # # ### # # # # # # #### # # ### # --.-- --.------- ----+-# # # ## .....####.........+ ##.....|# -.---.----## |...| |....^...| # |....|# |.........## |.... |...>....-#%%# |....-# |...*....|#@u####*....| ---------- ------ |.........# |...| ---------- |...| ----- woodfighter the Thaumaturge Experience level: 6 Strength: 7 Dexterity: 9 Constitution: 13 Intelligence: 19 Wisdom: 19 Charisma: 10 Health: 0(45) Energy: 18(58) Def: 5 Gold: 1410 Moves: 5128 Dungeon seed: r7kkGwW0aXtq9gQf Game ID: woodfighter_1448364491 Your Inventory: Coins $ - 1410 gold pieces Amulets w - an uncursed amulet of magical breathing Weapons a - a blessed +1 quarterstaff (weapon in hands) s - a blessed +0 elven dagger Armor e - an uncursed +0 cloak of magic resistance (being worn) n - a blessed +0 studded leather armor (being worn) q - a cursed -1 pair of gauntlets of fumbling r - an uncursed +0 pair of jumping boots (being worn) S - an uncursed +0 cloak of displacement Y - a blessed +0 dwarvish cloak Comestibles i - 3 uncursed food rations z - 3 uncursed sprigs of wolfsbane C - 3 uncursed apples J - 2 uncursed lichen corpses Scrolls f - an uncursed scroll of destroy armor l - an uncursed scroll of remove curse m - 3 uncursed scrolls of scare monster K - a blessed scroll of create monster L - a blessed scroll of blank paper V - a blessed scroll of confuse monster Spellbooks b - a blessed spellbook of force bolt c - an uncursed spellbook of knock T - an uncursed spellbook of create monster Potions h - a cursed potion of acid o - a potion of unholy water u - a cursed potion of hallucination x - an uncursed potion of enlightenment A - an uncursed potion of confusion D - a blessed potion of monster detection E - an uncursed potion of monster detection O - an uncursed potion of hallucination R - an uncursed potion of speed U - an uncursed potion of levitation Rings j - a cursed -1 ring of gain constitution k - an uncursed ring of cold resistance v - an uncursed ring of regeneration F - an uncursed ring of shock resistance Wands d - a wand of nothing (0:7) Tools M - an uncursed magic whistle Q - 5 uncursed tallow candles (0:200) Gems y - 4 uncursed worthless pieces of green glass I - an uncursed worthless piece of black glass N - an uncursed obsidian stone Spells and supernatural/magical abilities: Name Level Category Fail Memory a - force bolt 1 attack 0% 75% k - knock 1 matter 0% 75% W - pray for help -- divine ? -- Y - supernatural jump -- ability ? -- Your skills at the end: Miscellaneous Skills wands [Basic] Weapon Skills quarterstaff [Basic] Spellcasting Skills attack spells [Basic] enchantment spells [Basic] Final Attributes: You were devoutly aligned. You were magic-protected. You were telepathic. You could jump. You are dead. Vanquished creatures: a leprechaun a giant spider a rock piercer a yellow light a gnome lord 3 gray oozes 4 elf zombies a paper golem 5 giant ants a floating eye a kitten a dwarf 2 homunculi a rothe a monkey 3 killer bees a hobbit 6 geckos a hobgoblin 3 giant rats a cave spider a yellow mold a gnome a gnome zombie 3 jackals 3 foxes 2 kobolds 6 newts 3 goblins 5 grid bugs a bat 5 lichens 3 kobold zombies 74 creatures vanquished. Voluntary challenges: You did not adorn yourself with jewelry or accessories. You were an atheist. You used a wielded weapon 22 times, starting on turn 115. You did not apply a unicorn horn. You were illiterate. You never genocided any monsters. You never polymorphed an object. You never changed form. You used no wishes. You never split a pudding. You never wrote Elbereth's name. You never violated your personal moral code. Dungeon overview: The Dungeons of Doom: levels 1 to 9 Level 1 a long staircase Level 2 some fountains stairs to The Gnomish Mines Level 3 a sink Level 4 some fountains, a sink Level 5 Level 6 a fountain, a sink Level 7 many fountains Level 8 <- You were here Level 9 The Gnomish Mines: Level 3 stairs to The Dungeons of Doom History has recorded: On T:1 you entered the Dungeons of Doom to retrieve the Amulet of Yendor! On T:419 you advanced to experience level 2. On T:434 you reached level 2 of The Dungeons of Doom. On T:1101 you reached level 4 of The Dungeons of Doom. On T:1158 you reached level 3 of The Dungeons of Doom. On T:1442 you advanced to experience level 3. On T:1641 you reached level 1 of The Gnomish Mines. On T:2381 you advanced to experience level 4. On T:2424 you reached level 5 of The Dungeons of Doom. On T:3601 you advanced to experience level 5. On T:3732 you reached level 6 of The Dungeons of Doom. On T:3808 you reached level 7 of The Dungeons of Doom. On T:4468 you advanced to experience level 6. On T:4629 you reached level 8 of The Dungeons of Doom. On T:4972 you reached level 9 of The Dungeons of Doom. Score breakdown: Gold: 1410 ( 141 points) Experience: 6 levels ( 500 points) Exploration: 9 levels ( 240 points) Discoveries: 2 items ( 100 points) Variety of kills: 33 monsters ( 1650 points) Major goal: (nothing yet) ( 0 points) Survival: died (score multiplied by 3) Total score: 7893 Latest messages: You have a little trouble lifting U - a dark green potion. You have a little trouble lifting R - a magenta potion. You have a little trouble lifting x - an orange potion. A - a purple-red potion. D - a white potion. E - a white potion. You rebalance your load. Movement is difficult. You stop exploring. The black unicorn butts! The black unicorn kicks! The black unicorn butts! You die... Final status: Goodbye woodfighter the Wizard, killed by a black unicorn... You died in The Dungeons of Doom on dungeon level 8 with 7893 points, and 1410 pieces of gold, after 5128 moves. You were level 6 with a maximum of 45 hit points when you died.